 Dungeon Crawl Stone Soup version 0.19.0 (webtiles) character file.

263 TaiNoTa the Skirmisher (level 5, -1/48 HPs)
             Began as a Draconian Artificer on Nov 7, 2016.
             Killed from afar by alcopop's ghost (10 damage)
             ... with a rocky blast
             ... on level 4 of the Dungeon.
             The game lasted 00:07:24 (4320 turns).

TaiNoTa the Skirmisher (Draconian Artificer)        Turns: 4320, Time: 00:07:24

Health: -1/48      AC:  5    Str: 15    XL:     5   Next: 97%
Magic:  7/7        EV: 12    Int: 11    God:
Gold:   216        SH:  0    Dex: 12    Spells: 0 memorised, 4 levels left

rFire  + . .     SeeInvis .     v - +0 spear
rCold  . . .     Gourm    .     (armour unavailable)
rNeg   . . .     Faith    .     (no shield)
rPois  .         Spirit   .     (helmet restricted)
rElec  .         Reflect  .     (no cloak)
rCorr  .         Harm     .     (no gloves)
MR     .....                    (no boots)
Stlth  +.........               (no amulet)
                                (no ring)
                                o - ring of protection from fire

@: no status effects
A: unfitting armour, cold-blooded, AC +5
a: no special abilities


You were on level 4 of the Dungeon.
You were not hungry.

You visited 1 branch of the dungeon, and saw 4 of its levels.

You collected 216 gold pieces.

Inventory:

Hand Weapons
 v - a +0 spear (weapon)
Jewellery
 e - an uncursed amulet of harm {unknown}
 l - a cursed amulet of inaccuracy {unknown}
 o - a ring of protection from fire (left hand)
Wands
 b - a wand of flame (39/48)
 c - a wand of enslavement (14/24)
 d - a wand of random effects (15/48)
Scrolls
 k - a scroll of teleportation
Potions
 a - 3 potions of magic {unknown}
 g - a potion of mutation {unknown}
 h - a potion of berserk rage {unknown}
 i - a potion of heal wounds
 m - a potion of degeneration {unknown}
 n - a potion of curing {unknown}
 p - a potion of lignification {unknown}
 r - a potion of agility {unknown}
 u - a potion of resistance {unknown}
Comestibles
 f - 5 bread rations
 j - 3 fruits
 q - a slice of pizza
 s - a beef jerky
 t - a meat ration


   Skills:
 - Level 5.0 Fighting
   Level 1.0 Short Blades
 + Level 3.6 Polearms
 - Level 1.7 Dodging
 - Level 0.8 Stealth
 - Level 3.0 Evocations


You had 4 spell levels left.
You didn't know any spells.

Dungeon Overview and Level Annotations

Branches:
Dungeon (4/15)
 Temple: D:4-7

Altars:
Cheibriados
Elyvilon
Kikubaaqudgha
Okawaru
Sif Muna
Trog

Annotations:
D:4 Grinder; alcopop's ghost, amateur DEEE


Innate Abilities, Weirdness & Mutations

Your plain brown scales are hard. (AC +5)
You cannot fit into any form of body armour.
You are cold-blooded and may be slowed by cold attacks.


Message History

The hound bites you. The hound misses you.
You closely miss the hound.
Your tail-slap misses the hound.
The hound is almost dead.
The hound misses you. The scorpion stings you.
Grinder says, "There's only one good use for a tongue: cutting it out."
An orc comes into view. It is wielding a club.
You closely miss the hound.
The hound is almost dead.
The hound bites you but does no damage. The scorpion stings you.
Alcopop's ghost gestures at you while chanting.
The rocky blast hits you!
You closely miss the hound.
The hound is almost dead.
The hound bites you. x2; The scorpion stings you.
Grinder hits you!
* * * LOW HITPOINT WARNING * * *
You writhe in agony.
* * * LOW HITPOINT WARNING * * *
Alcopop's ghost points at you and mumbles some strange words.
The rocky blast hits you!
You die...

#. $.. ..#
. ..# ...
#. #.# ..#
.##.##..###
...#.....#
#......#
#.sW...#
#.@5...#
##h###.#
#...oo#
..........#
.###)...o.#
#......#
.....#o#
#####.#.#
#.#.#


You could see Grinder, a scorpion, a hound, an orc wizard, alcopop's ghost and 3
orcs.

Vanquished Creatures
  An orc priest (D:3)
  2 orc wizards (D:3)
  6 gnolls (D:2)
  2 adders (D:3)
  An ooze (D:2)
  3 worms
  A dart slug (D:1)
  A leopard gecko (D:3)
  5 orcs (D:3)
  2 giant cockroaches
  10 goblins
  5 hobgoblins
  11 jackals
  8 kobolds
  8 bats
  14 frilled lizards
  7 rats
87 creatures vanquished.

Vanquished Creatures (collateral kills)
  A bat (D:2)
1 creature vanquished.

Vanquished Creatures (others)
  A gnoll (D:2)
  A plant (D:3)
2 creatures vanquished.

Grand Total: 90 creatures vanquished

Notes
Turn   | Place    | Note
-------+----------+-------------------------------------------
     0 | D:1      | TaiNoTa the Draconian Artificer began the quest for the Orb.
     0 | D:1      | Reached XP level 1. HP: 16/16 MP: 3/3
   136 | D:1      | Reached skill level 2 in Fighting
   368 | D:1      | Reached XP level 2. HP: 17/24 MP: 4/4
   854 | D:1      | Reached skill level 3 in Fighting
  1103 | D:2      | Found a snail-covered altar of Cheibriados.
  1201 | D:2      | Reached XP level 3. HP: 25/31 MP: 5/5
  1498 | D:2      | Reached skill level 4 in Fighting
  1832 | D:2      | Reached XP level 4. HP: 39/40 MP: 6/6
  2038 | D:2      | Found a white marble altar of Elyvilon.
  2246 | D:2      | Found an iron altar of Okawaru.
  2755 | D:2      | Reached skill level 5 in Fighting
  3115 | D:3      | Reached skill level 1 in Polearms
  3282 | D:3      | Found a bloodstained altar of Trog.
  3323 | D:3      | Reached XP level 5. HP: 30/48 MP: 7/7
  3882 | D:3      | Found a deep blue altar of Sif Muna.
  3883 | D:3      | Found an ancient bone altar of Kikubaaqudgha.
  4302 | D:4      | Noticed Grinder
  4302 | D:4      | Noticed alcopop's ghost (amateur DEEE)
  4320 | D:4      | Killed from afar by alcopop's ghost

Skill      XL: |  1  2  3  4  5 |
---------------+----------------+-----
Fighting       | 2 3 4 5 |  5.0
Polearms       | 1 3 |  3.6
Short Blades   | |  1.0
Dodging        | |  1.7
Stealth        | |  0.8
Evocations     | |  3.0

Action                   |  1- 3 |  4- 6 || total
-------------------------+-------+-------++-------
Melee: Short sword       |   135 |    11 ||   146
       Tailslap          |    19 |    28 ||    47
       Spear             |       |   239 ||   239
Evoke: Wand              |     6 |     2 ||     8
  Use: Scroll            |     4 |     5 ||     9
       Potion            |       |     2 ||     2
 Stab: Sleeping          |     1 |     2 ||     3
       Distracted        |       |     1 ||     1
  Eat: Chunk             |     2 |     9 ||    11
Armor: Skin              |    41 |    46 ||    87
Dodge: Dodged            |    75 |   107 ||   182
